 Dungeon Crawl Stone Soup version 0.31-a0-188-g5e087ee2ca (webtiles) character file.

Game seed: 13678382810059949773

0 senseless the Covert (level 1, 0/23 HPs)
             Began as a Gnoll Delver on June 23, 2023.
             Slain by a hound (1 damage)
             ... on level 5 of the Dungeon.
             The game lasted 00:00:15 (65 turns).

senseless the Covert (Gnoll Delver)                   Turns: 65, Time: 00:00:16

Health: 0/23       AC:  3    Str: 11    XL:     1   Next: 0%
Magic:  1/1        EV: 13    Int:  9    God:
Gold:   0          SH:  0    Dex: 13    Spells: 0/0 levels left

rFire   . . .        a - +0 hand axe
rCold   . . .        (no shield)
rNeg    . . .        b - +0 leather armour
rPois   .            (no helmet)
rElec   .            (no cloak)
rCorr   .            (no gloves)
SInv    .            (no boots)
Will    .....        (no amulet)
Stlth   ++++         (no ring)
HPRegen 0.23/turn    (no ring)
MPRegen 0.07/turn

%: no passive effects
@: no status effects
A: fangs 1, strong nose, distributed training
a: no special abilities


You were on level 5 of the Dungeon.
You visited 1 branch of the dungeon, and saw 1 of its levels.

Inventory:

Hand Weapons
 a - a +0 hand axe (weapon)
Armour
 b - a +0 leather armour (worn)
Wands
 g - a wand of digging (3)
Scrolls
 c - a scroll of fog
 d - a scroll of revelation
 e - a scroll of fear
 h - a scroll of noise {unknown}
Potions
 f - a potion of haste


   Skills:
 + Level 6.4 Fighting
 + Level 0.0 Short Blades
 + Level 0.0 Long Blades
 + Level 4.4 Axes
 + Level 0.0 Maces & Flails
 + Level 0.0 Polearms
 + Level 0.0 Staves
 + Level 0.0 Ranged Weapons
 + Level 0.0 Throwing
 + Level 0.0 Armour
 + Level 4.4 Dodging
 + Level 9.5 Stealth
 + Level 0.0 Shields
 + Level 0.0 Unarmed Combat
 + Level 0.0 Spellcasting
 + Level 0.0 Conjurations
 + Level 0.0 Hexes
 + Level 0.0 Summonings
 + Level 0.0 Necromancy
 + Level 0.0 Translocations
 + Level 0.0 Transmutations
 + Level 0.0 Fire Magic
 + Level 0.0 Ice Magic
 + Level 0.0 Air Magic
 + Level 0.0 Earth Magic
 + Level 0.0 Poison Magic
 + Level 0.0 Invocations
 + Level 0.0 Evocations


You couldn't memorise any spells.
You didn't know any spells.
Your spell library was empty.

Dungeon Overview and Level Annotations

Branches:
Dungeon (5/15)
 Temple: D:4-7

Altars:


Innate Abilities, Weirdness & Mutations

You have very sharp teeth.
Your uncanny sense of smell can sniff out nearby items.
Your experience applies equally to all skills.


Message History

You closely miss the hound. The hound bites you. x2
The hound completely misses you. The hound bites you.
You are too injured to fight recklessly!
You are too injured to fight recklessly!
You are too injured to fight recklessly!
You are too injured to fight recklessly!
You are too injured to fight recklessly!
You are too injured to fight recklessly!
You are too injured to fight recklessly!
You are too injured to fight recklessly!
You are too injured to fight recklessly!
You are too injured to fight recklessly!
You are too injured to fight recklessly!
You are too injured to fight recklessly!
You are too injured to fight recklessly!
You are too injured to fight recklessly!
You hit the hound.
The hound is severely wounded.
You barely miss the hound. The hound barely misses you.
The hound closely misses you.
You miss the hound. Your bite misses the hound.
The hound is severely wounded.
You hit the hound but do no damage. The hound misses you.
The hound closely misses you. The hound barely misses you.
The hound bites you but does no damage.
You barely miss the hound.
The hound is severely wounded.
You hit the hound but do no damage.
The hound bites you but does no damage. x2
The hound bites you.
You hit the hound.
The hound is almost dead.
You hit the hound. The hound bites you.
* * * LOW HITPOINT WARNING * * *
The hound bites you.
* * * LOW HITPOINT WARNING * * *
The hound barely misses you.
You hit the hound but do no damage. You bite the hound.
You kill the hound!
You barely miss the hound. The hound closely misses you. The hound bites you.
You die...

##..#
...[..?..#..##
........ #.##
...... #.#
.....# #.#
....# #.#
#...# #.#
#.h.####.#
#@....##.#
#...#.#..#
##..#.#.##
#..#.#.#
#..#...#####
#........(.#
#..........#
#..........#
#..........#


You could see a hound.

Vanquished Creatures
  A hound (D:5)
1 creature vanquished.

Notes
Turn   | Place    | Note
-------+----------+-------------------------------------------
     0 | D:5      | Reached skill level 9 in Stealth
     0 | D:5      | senseless the Gnoll Delver began the quest for the Orb.
     0 | D:5      | Reached XP level 1. HP: 23/23 MP: 1/1
    51 | D:5      | Noticed a hound
    56 | D:5      | Noticed a hound
    64 | D:5      | HP: 1/23 [hound (5)]
    65 | D:5      | Killed a hound
    65 | D:5      | Slain by a hound

Illustrated notes

Levels and vault maps discovered:
D:5:      layout_rooms, minitemple

Skill      XL: | |
---------------+-+-----
Stealth        | |  9.5
Fighting       | |  6.4
Axes           | |  4.4
Dodging        | |  4.4

Action                     || total
---------------------------++-------
  Melee: Hand axe          ||    13
         Bite              ||     2
 Armour: Leather armour    ||     4
  Dodge: Dodged            ||    15

Table legend: (Time is in decaauts)
 A = Elapsed time spent in this place.
 B = Non-inter-level travel time spent in this place.
 C = Inter-level travel time spent in this place.
 D = Time resting spent in this place.
 E = Time spent auto-exploring this place.
 F = Levels seen in this place.
 G = Mean time per level.
                   A        B        C        D        E       F      G
               +--------+--------+--------+--------+--------+-----+--------+
         Total |     65 |     65 |      0 |      0 |     48 |   1 |   65.0 |
       Dungeon |     65 |     65 |      0 |      0 |     48 |   1 |   65.0 |
               +--------+--------+--------+--------+--------+-----+--------+

Top non-repeatable levels by time:
     D:5: 65 daAuts
